 Dungeon Crawl Stone Soup version 0.28-a0-802-g09f76e8c00 (webtiles) character file.

Game seed: 8504272397123707857

1812 porpoise the Zephyrmancer (level 9, -2/54 HPs)
             Began as a Tengu Air Elementalist on Nov 6, 2021.
             Was an Initiate of Vehumet.
             Slain by a vampire mosquito (6 damage)
             ... on level 6 of the Dungeon on Nov 7, 2021.
             The game lasted 00:35:42 (7458 turns).

porpoise the Zephyrmancer (Tengu Air Elementalist)  Turns: 7458, Time: 00:35:43

Health: -2/54      AC:  6    Str:  9    XL:     9   Next: 10%
Magic:  1/17       EV: 18    Int: 19    God:    Vehumet [......]
Gold:   307        SH:  0    Dex: 14    Spells: 9/18 levels left

rFire   . . .      SeeInvis .   a - staff of air
rCold   . . .      Faith    .   (no shield)
rNeg    . . .      Spirit   .   o - +0 robe
rPois   .          Reflect  .   (helmet restricted)
rElec   +          Harm     .   u - +2 cloak
rCorr   .          Rampage  .   s - +0 pair of gloves
Will    .....                   (boots unavailable)
Stlth   ++........              (no amulet)
HPRegen 0.18/turn               h - +4 ring of evasion
MPRegen 0.15/turn               (no ring)

@: flying quickly and evasively, studying Throwing, quick
A: beak, talons 3, nimble flight
a: Renounce Religion


You were on level 6 of the Dungeon.
You worshipped Vehumet.
Vehumet was noncommittal.
You visited 1 branch of the dungeon, and saw 6 of its levels.

You collected 307 gold pieces.

Inventory:

Hand Weapons
 b - a +2 hunting sling of freezing
 t - a +1 whip of draining
 w - a +3 dagger
 x - a +0 whip of electrocution
Missiles
 c - 3 boomerangs
 d - 117 arrows
 g - 138 stones
 k - 17 poisoned darts (quivered)
 m - 24 sling bullets
 n - 21 bolts
Armour
 o - a +0 robe (worn)
 s - a +0 pair of gloves (worn)
 u - a +2 cloak (worn)
Magical Staves
 a - a staff of air (weapon)
Jewellery
 h - a +4 ring of evasion (left hand)
Wands
 p - a wand of flame (15)
 r - a wand of iceblast (10)
Scrolls
 e - a scroll of summoning {unknown}
 f - a scroll of noise {unknown}
 i - 2 scrolls of identify {unknown}
 j - a scroll of enchant weapon {unknown}
 l - a scroll of immolation {unknown}
 q - 4 scrolls of teleportation {unknown}
 v - a scroll of blinking {unknown}
Potions
 z - 2 potions of attraction {unknown}
 A - a potion of curing
 B - a potion of heal wounds


   Skills:
 - Level 5.0 Fighting
 - Level 2.1 Dodging
 - Level 2.0 Stealth
 - Level 5.0 Spellcasting
 - Level 6.0 Conjurations
 + Level 10.7 Air Magic


You had 9 spell levels left.
You knew the following spells:

 Your Spells              Type           Power      Damage    Failure   Level
a - Shock                 Conj/Air       100%       1d9       1%          1
b - Static Discharge      Conj/Air       53%        N/A       1%          2
c - Airstrike             Air            31%        N/A       1%          4
k - Blink                 Tloc           8%         N/A       19%         2

Your spell library contained the following spells:

 Spells                   Type           Power      Damage    Failure   Level
 Swiftness                Air            62%        N/A       1%          3
 Dazzling Flash           Conj/Hex       32%        N/A       11%         3
 Iskenderun's Mystic Bla  Conj/Tloc      16%        2d5       34%         4
 Lesser Beckoning         Tloc           4%         N/A       36%         3
 Manifold Assault         Tloc           4%         N/A       98%         5
 Starburst                Conj/Fire      8%         6d4       99%         6


Dungeon Overview and Level Annotations

Branches:
Dungeon (6/15)
 Temple: D:4-7

Altars:
Trog
Vehumet
Zin

Annotations:
D:6 2 transporters


Innate Abilities, Weirdness & Mutations

You have a beak for a mouth.
You have claws for feet.
Your magical nature lets you fly swiftly and evasively.


Message History

Found a ring mail.
The vampire mosquito completely misses you.
The vampire mosquito completely misses you.
Found a stone staircase leading down.
The vampire mosquito bites you.
The vampire mosquito draws strength from your injuries!
The vampire mosquito bites you.
* * * LOW HITPOINT WARNING * * *
The vampire mosquito draws strength from your injuries!
The vampire mosquito bites you but does no damage.
Casting: Shock (safe; 1% risk of failure)
Confirm with . or Enter, or press ? or * to list all spells.
You feel a surge of power!
The vampire mosquito is struck by an arc of lightning!
The vampire mosquito is severely damaged.
You resist.
You are struck by an arc of lightning.
* * * LOW HITPOINT WARNING * * *
The lightning grounds out.
The vampire mosquito bites you.
* * * LOW HITPOINT WARNING * * *
The vampire mosquito draws strength from your injuries!
The vampire mosquito closely misses you.
The vampire mosquito bites you!
* * * LOW HITPOINT WARNING * * *
The vampire mosquito draws strength from your injuries!
The vampire mosquito misses you.
Casting: Static Discharge (safe; 1% risk of failure)
Confirm with . or Enter, or press ? or * to list all spells.
You don't know that spell.
Unknown command.
Unknown command.
The vampire mosquito barely misses you.
The vampire mosquito closely misses you.
The vampire mosquito bites you.
* * * LOW HITPOINT WARNING * * *
The vampire mosquito draws strength from your injuries!
Aiming: Iceblast
Press: ? - help, Shift-Dir - straight line
Okay, then.
Unknown command.
The vampire mosquito bites you.
You die...

#.#..#######.##.# ##. .. .....
#....#.....#.##.####.. .#.#.#...
###...#.....#.##.......
..>....... #...#.._..'....###...
.#.#.#..#.###...#.....#.##.# #...
................#.....#..#.###...
....#...# .....#######..........
...[....######..........#....##..
...............y@.#...#..###..#..
.......#####.#.###.......###....#
#...#..# #..## ##.###..##.....#
.......# ##..# #.............#
..####.####†#.## ##..####.......#
...........###.###.#.# ##.###..#
.......####.#>....##.#####.# #..#
....#### ##....>..........# #..#
.... ####.####.####### #...


You could see a vampire mosquito.

Vanquished Creatures
  Pikel (D:5)
  2 vampire mosquitoes (D:6)
  An orc warrior (D:6)
  An ice beast (D:5)
  A sky beast (D:6)
  2 lemures (D:5)
  A kobold brigand (D:5)
  2 scorpions (D:4)
  A bullfrog zombie (D:5)
  A hound (D:4)
  3 orc priests
  Jessica (D:2)
  5 iguanas
  An orc wizard (D:4)
  A killer bee zombie (D:6)
  A howler monkey zombie (D:5)
  7 gnolls
  A howler monkey skeleton (D:5)
  5 adders
  A shadow imp (D:6)
  A white imp (D:6)
  An adder skeleton (D:4)
  3 worms
  2 dart slugs
  27 orcs
  4 endoplasms
  3 giant cockroaches
  11 goblins
  8 hobgoblins
  3 jackals (D:1)
  11 kobolds
  3 quokkas
  2 ball pythons
  3 bats
  6 frilled lizards
  5 rats
132 creatures vanquished.

Notes
Turn   | Place    | Note
-------+----------+-------------------------------------------
     0 | D:1      | porpoise the Tengu Air Elementalist began the quest for the
                  | Orb.
     0 | D:1      | Reached XP level 1. HP: 10/10 MP: 4/4
   290 | D:1      | Reached XP level 2. HP: 15/15 MP: 3/6
   293 | D:1      | Learned a level 2 spell: Static Discharge
  1019 | D:2      | Reached XP level 3. HP: 19/19 MP: 2/7
  1737 | D:2      | Noticed Jessica
  1745 | D:2      | Killed Jessica
  1746 | D:2      | Reached skill level 5 in Air Magic
  1746 | D:2      | Reached XP level 4. HP: 24/24 MP: 6/9
  2242 | D:2      | Learned a level 4 spell: Airstrike
  2706 | D:3      | Gained mutation: Your magical nature lets you fly swiftly
                  | and evasively. [Tengu growth]
  2706 | D:3      | Reached XP level 5. HP: 26/28 MP: 1/10
  3157 | D:3      | Upgraded the game from 0.28-a0-794-gafe8c5f9e9 to
                  | 0.28-a0-802-g09f76e8c00
  3998 | D:4      | Reached skill level 6 in Air Magic
  3998 | D:4      | Reached XP level 6. HP: 32/32 MP: 10/12
  4358 | D:4      | Reached skill level 5 in Conjurations
  4410 | D:4      | Found a bloodstained altar of Trog.
  4611 | D:4      | Reached XP level 7. HP: 23/36 MP: 9/14
  4621 | D:4      | HP: 1/36 [poisoned by a scorpion]
  4622 | D:4      | Reached skill level 7 in Air Magic
  5419 | D:5      | Entered Level 5 of the Dungeon
  5438 | D:5      | Reached skill level 5 in Spellcasting
  5620 | D:5      | Found a radiant altar of Vehumet.
  5629 | D:5      | Became a worshipper of Vehumet
  5761 | D:5      | Reached skill level 1 in Fighting
  6445 | D:5      | Noticed Pikel
  6460 | D:5      | Killed Pikel
  6461 | D:5      | Reached skill level 8 in Air Magic
  6461 | D:5      | Reached XP level 8. HP: 21/48 MP: 10/16
  6974 | D:6      | Found a transporter.
  6975 | D:6      | Noticed a kobold demonologist
  6982 | D:6      | Noticed a kobold demonologist
  7007 | D:6      | Noticed an orc high priest
  7012 | D:6      | Found a transporter.
  7028 | D:6      | Reached skill level 9 in Air Magic
  7040 | D:6      | Reached skill level 5 in Fighting
  7201 | D:6      | Learned a level 2 spell: Blink
  7271 | D:6      | Found a glowing silver altar of Zin.
  7434 | D:6      | Reached skill level 10 in Air Magic
  7434 | D:6      | Reached XP level 9. HP: 47/54 MP: 8/17
  7458 | D:6      | Slain by a vampire mosquito

Illustrated notes

Levels and vault maps discovered:
D:1:      psy_arrival_radial02, layout_basic, shapermc_ecumenical_altar_petra
D:2:      layout_loops_corners, uniq_jessica
D:3:      layout_rooms
D:4:      layout_loops_ring, bloody_trog, minmay_misc_feat_five
D:5:      layout_loops_ring, mainiacjoe_overflow_boulevard, uniq_pikel
D:6:      gammafunk_wand_slinger, layout_loops_ring, amcnicky_altar_gilded,
          minmay_temple_entry_antechambers

Skill      XL: |  1  2  3  4  5  6  7  8 |
---------------+-------------------------+-----
Conjurations   | 2 3 4 5 6 |  6.0
Air Magic      | 5 6 8 10 | 10.7
Spellcasting   | 3 4 5 |  5.0
Fighting       | 4 5 |  5.0
Dodging        | |  2.1
Stealth        | |  2.0

Action                   |  1- 3 |  4- 6 |  7- 9 || total
-------------------------+-------+-------+-------++-------
Melee: Whip              |     1 |       |       ||     1
       Hunting sling     |       |     2 |       ||     2
 Fire: Hunting sling     |     1 |    20 |     2 ||    23
Throw: Dart              |       |       |     1 ||     1
 Cast: Shock             |    52 |    91 |   104 ||   247
       Static Discharge  |       |     8 |    16 ||    24
       Airstrike         |       |       |     3 ||     3
Evoke: Wand              |       |       |     1 ||     1
  Use: Potion            |       |     2 |     1 ||     3
Armor: Robe              |     1 |     1 |     2 ||     4
Dodge: Dodged            |    12 |    22 |    36 ||    70

Table legend: (Time is in decaauts)
 A = Elapsed time spent in this place.
 B = Non-inter-level travel time spent in this place.
 C = Inter-level travel time spent in this place.
 D = Time resting spent in this place.
 E = Time spent auto-exploring this place.
 F = Levels seen in this place.
 G = Mean time per level.
                   A        B        C        D        E       F      G
               +--------+--------+--------+--------+--------+-----+--------+
         Total |   7259 |   7168 |     91 |   3556 |   2615 |   6 | 1209.8 |
       Dungeon |   7259 |   7168 |     91 |   3556 |   2615 |   6 | 1209.8 |
               +--------+--------+--------+--------+--------+-----+--------+

Top non-repeatable levels by time:
     D:4: 1755 daAuts
     D:2: 1519 daAuts
     D:5: 1224 daAuts
     D:3: 1211 daAuts
     D:1: 992 daAuts
     D:6: 555 daAuts
